Map: Lightshade LE

Players

HeroMarine

  • Race: Terran Terran

ShoWTimE - Winner!

  • Race: Protoss Protoss

Event: DreamHack SC2 Masters 2021 Fall

VOD

Have the link to the VOD?

Description

Time

  • Played on: Aug. 10, 2021, 12:18 p.m.
  • Length: 16:06

All games in this series

Show
View Real Time Build Order
Export as new Build Order

HeroMarine Terran 

Build Orders:  

Get SALT Encoding   

  12  0:00  SCV  
  13  0:12  SCV  
  14  0:17  Supply Depot  
  14  0:24  SCV  
  15  0:38  SCV  
  15  0:40  Barracks  
  16  0:43  Refinery  
  16  0:51  SCV  
  17  1:03  SCV  
  18  1:15  SCV  
  19  1:27  Marine, Orbital Command  
  20  1:44  Command Center  
  20  1:45  Barracks Reactor  
  20  1:51  Supply Depot  
  20  1:54  SCV  
  21  2:06  SCV, Barracks  
  22  2:18  SCV  
  22  2:20  Barracks  
  22  2:22  Marine x2  
  25  2:30  SCV  
  25  2:33  Bunker  
  26  2:40  Marine x2  
  26  2:42  SCV  
  29  2:52  Barracks Tech Lab  
  29  2:54  SCV  
  29  2:56  Orbital Command  
  30  2:59  Marine x2  
  32  3:06  SCV  
  32  3:07  Barracks Tech Lab  
  32  3:11  Marine, Stimpack  
  34  3:18  Marine x2, SCV  
  37  3:22  SCV  
  38  3:27  Combat Shield  
  38  3:32  SCV  
  39  3:34  Supply Depot  
  39  3:35  SCV  
  39  3:36  Marauder  
  39  3:38  Marauder  
  39  3:41  Marine x2  
  46  3:48  Refinery  
  46  3:53  Supply Depot  
  46  3:56  SCV x2  
  46  4:00  Marine x3  
  46  4:02  Marine  
  52  4:07  Engineering Bay  
  52  4:08  SCV x2  
  54  4:16  Supply Depot  
  54  4:19  Marine  
  54  4:20  Marine x2, SCV x2  
  54  4:21  Marine  
  60  4:27  Factory  
  60  4:32  SCV x2  
  60  4:36  Terran Infantry Weapons Level 1  
  62  4:40  Refinery  
  62  4:44  SCV  
  61  4:49  Marauder x2  
  61  4:52  Marine x2  
  65  4:57  SCV x2  
  66  5:01  Supply Depot  
  66  5:06  Supply Depot  
  66  5:12  Marauder  
  66  5:14  Marauder  
  70  5:15  Starport  
  70  5:16  Factory Reactor  
  70  5:18  Marine  
  70  5:21  Refinery  
  70  5:22  Marine  
  70  5:23  SCV x2  
  70  5:24  Supply Depot  
  73  5:29  Concussive Shells  
  73  5:34  Marauder  
  73  5:35  Marauder  
  75  5:36  SCV x2  
  75  5:38  Marine  
  75  5:40  Marine  
  78  5:43  Supply Depot  
  78  5:48  SCV x2  
  76  5:56  Marauder x2  
  78  6:02  Command Center  
  78  6:06  Medivac x2, Factory Reactor  
  78  6:10  Marine  
  78  6:11  Marine  
  84  6:17  Marauder  
  84  6:18  Marauder  
  83  6:30  Barracks  
  83  6:32  Marine x2, Barracks  
  85  6:37  Medivac  
  85  6:38  Medivac  
  85  6:39  Marauder x2  
  93  6:45  Widow Mine x2  
  95  6:47  SCV  
  95  6:48  Supply Depot  
  95  6:49  SCV  
  95  6:53  Marine x2  
  99  7:00  SCV  
  98  7:01  SCV  
  98  7:02  Terran Infantry Armor Level 1, Supply Depot  
  98  7:05  Marauder  
  101  7:10  Marauder  
  101  7:11  Widow Mine  
  101  7:12  SCV, Widow Mine  
  101  7:15  SCV  
  110  7:19  Barracks Reactor  
  110  7:20  Barracks Tech Lab  
  110  7:21  Marine x2  
  111  7:24  SCV  
  111  7:27  SCV  
  113  7:32  Medivac, Marauder x2  
  113  7:34  Medivac  
  121  7:38  Orbital Command  
  121  7:41  Marauder  
  123  7:44  Marine, Supply Depot  
  123  7:45  Marine  
  125  7:52  Marine  
  125  7:53  Marauder  
  125  7:54  Widow Mine x2  
  125  7:58  Marine, Armory  
  132  8:02  Supply Depot  
  132  8:04  Supply Depot  
  133  8:05  Marine  
  133  8:07  SCV x3  
  133  8:12  Engineering Bay  
  137  8:13  Marauder  
  137  8:18  Marauder  
  139  8:23  SCV x2  
  139  8:26  SCV  
  140  8:28  Marauder  
  139  8:34  Marauder  
  139  8:36  Medivac x2  
  139  8:37  Widow Mine x2  
  139  8:39  Marauder  
  148  8:45  Marine, Supply Depot  
  148  8:46  Marine  
  150  8:49  Marauder  
  150  8:50  Terran Infantry Weapons Level 2  
  150  8:54  Marine x2  
  156  8:56  Marauder  
  156  9:05  Supply Depot  
  156  9:07  Refinery x2, Supply Depot, Marauder, Command Center  
  156  9:09  SCV x3  
  158  9:17  Marine x2, Marauder x2  
  164  9:27  SCV x3  
  164  9:30  Marine x2  
  155  9:33  Terran Infantry Armor Level 2  
  155  9:34  Marine, Terran Ship Weapons Level 1  
  155  9:35  Marine  
  153  9:39  Marauder  
  153  9:43  Fusion Core, Ghost Academy  
  153  9:45  Starport  
  153  9:46  Viking  
  153  9:50  Marine x2  
  159  9:53  Marauder  
  159  9:55  Medivac  
  157  10:06  Marauder x2  
  157  10:09  Marine x2  
  158  10:14  Marauder  
  158  10:16  Medivac  
  158  10:20  SCV x3  
  161  10:25  Viking x3, Enhanced Shockwaves  
  167  10:29  Missile Turret  
  167  10:32  Sensor Tower, Missile Turret  
  167  10:33  SCV x2  
  167  10:34  SCV  
  170  10:39  Marine x3  
  173  10:46  Viking  
  173  10:47  Missile Turret  
  173  10:48  Refinery  
  175  10:50  Refinery  
  175  10:51  Ghost x2  
  175  10:55  Viking, Ghost  
  183  11:01  Viking x2  
  187  11:10  Bunker  
  185  11:16  Viking, Missile Turret  
  185  11:17  Planetary Fortress  
  183  11:19  Marine x4  
  183  11:20  Marauder, Missile Turret  
  183  11:21  Marauder  
  189  11:30  Missile Turret x2  
  188  11:35  Marauder  
  190  11:41  Marauder  
  190  11:42  Marauder  
  190  11:43  Barracks  
  190  11:44  Barracks  
  192  11:53  Terran Infantry Weapons Level 3  
  182  11:55  Ghost  
  182  12:01  Marine x3  
  180  12:02  Marine, Ghost  
  180  12:03  Ghost  
  180  12:06  Terran Ship Weapons Level 2  
  188  12:09  Fusion Core  
  188  12:11  Supply Depot  
  188  12:14  Missile Turret  
  188  12:17  Missile Turret  
  186  12:24  Ghost  
  188  12:30  Ghost  
  188  12:31  Ghost  
  188  12:32  Marine x2  
  188  12:33  Sensor Tower, Barracks Tech Lab x2  
  194  12:38  Missile Turret  
  194  12:49  Liberator x2  
  200  12:53  Command Center  
  200  12:55  Missile Turret  
  200  13:03  Terran Infantry Armor Level 3  
  187  13:23  Advanced Ballistics  
  187  13:33  Liberator  
  188  13:34  Liberator  
  188  13:39  Liberator x2  
  188  13:41  Marauder  
  189  13:51  Bunker  
  189  13:52  Bunker  
  189  14:02  Bunker  
  189  14:05  Marine, Marauder x2, Personal Cloaking  
  194  14:17  Ghost  
  176  14:18  Marauder  
  176  14:20  Marauder  
  176  14:21  Marine  
  176  14:22  Marine  
  179  14:24  Marine  
  179  14:30  Hi-Sec Auto Tracking  
  172  14:32  Planetary Fortress  
  161  14:48  Marauder  
  161  14:49  Medivac x2, Marauder x3  
  161  14:52  Marauder  
  167  14:55  Missile Turret  
  167  14:58  Marine  
  167  14:59  Bunker  
  159  15:07  Liberator  
  159  15:10  Marauder x2  
  159  15:13  Liberator  
  169  15:19  Liberator  
  172  15:22  Marauder x2  
  172  15:24  Ghost  
  158  15:43  Marine x3  
  158  15:44  Marine x2  
Show
View Real Time Build Order
Export as new Build Order

ShoWTimE Protoss - Winner!

Build Orders: 1 Gate Expand, Blink Stalkers 

Get SALT Encoding   

  12  0:00  Probe  
  13  0:12  Probe  
  14  0:17  Pylon  
  14  0:24  Probe (Chrono Boost)  
  15  0:36  Gateway, Probe (Chrono Boost)  
  16  0:44  Probe (Chrono Boost)  
  16  0:46  Assimilator  
  17  0:51  Probe  
  18  1:03  Probe  
  19  1:15  Probe  
  20  1:23  Cybernetics Core  
  20  1:32  Nexus  
  20  1:35  Probe  
  21  1:44  Pylon  
  21  1:47  Probe  
  21  1:51  Assimilator  
  22  1:59  Adept (Chrono Boost), Probe  
  23  2:02  Warp Gate  
  25  2:11  Probe (Chrono Boost)  
  27  2:23  Probe (Chrono Boost)  
  27  2:25  Twilight Council  
  27  2:28  Probe (Chrono Boost)  
  28  2:33  Stalker  
  30  2:38  Probe  
  31  2:44  Probe  
  31  2:45  Gateway  
  31  2:50  Probe  
  33  2:53  Blink (Chrono Boost)  
  33  2:56  Probe  
  34  3:02  Probe  
  35  3:09  Probe  
  36  3:14  Probe  
  37  3:21  Probe  
  37  3:23  Robotics Facility  
  37  3:26  Probe  
  39  3:33  Probe  
  40  3:35  Pylon  
  40  3:38  Probe  
  41  3:45  Nexus, Probe  
  42  3:53  Stalker x2  
  46  3:57  Pylon  
  46  3:59  Probe x2  
  48  4:05  Assimilator  
  48  4:12  Probe  
  48  4:14  Shield Battery  
  48  4:16  Observer  
  51  4:17  Stalker  
  51  4:18  Stalker  
  51  4:20  Probe  
  51  4:24  Probe  
  56  4:26  Pylon  
  56  4:29  Pylon  
  56  4:32  Probe  
  56  4:36  Probe  
  56  4:40  Stalker  
  56  4:41  Observer, Stalker  
  56  4:44  Probe  
  56  4:45  Observer  
  62  4:48  Probe  
  63  4:57  Probe  
  63  4:58  Pylon, Probe  
  65  5:00  Probe  
  65  5:03  Shield Battery  
  65  5:04  Stalker x2  
  70  5:09  Probe (Chrono Boost)  
  70  5:10  Probe (Chrono Boost)  
  70  5:12  Probe (Chrono Boost)  
  73  5:21  Assimilator  
  73  5:22  Probe (Chrono Boost)  
  73  5:24  Probe (Chrono Boost)  
  73  5:25  Gateway  
  73  5:27  Assimilator, Probe (Chrono Boost)  
  75  5:30  Gateway, Probe x2 (Chrono Boost)  
  75  5:33  Probe (Chrono Boost)  
  78  5:37  Probe  
  78  5:38  Probe  
  78  5:42  Stalker x2  
  84  5:45  Probe  
  84  5:49  Probe  
  84  5:50  Probe  
  84  5:52  Pylon, Immortal (Chrono Boost)  
  89  5:57  Probe  
  89  6:01  Pylon, Probe  
  89  6:03  Probe  
  92  6:05  Stalker  
  92  6:06  Stalker  
  92  6:09  Probe  
  92  6:10  Forge  
  92  6:11  Assimilator  
  97  6:13  Probe  
  97  6:15  Probe  
  97  6:16  Pylon  
  97  6:17  Charge (Chrono Boost)  
  99  6:18  Observer  
  99  6:21  Probe, Robotics Bay  
  99  6:25  Probe, Immortal (Chrono Boost)  
  101  6:27  Probe  
  101  6:30  Stalker x2  
  106  6:33  Probe  
  106  6:39  Gateway  
  107  6:45  Protoss Ground Weapons Level 1 (Chrono Boost), Zealot  
  107  6:47  Observer  
  107  6:48  Pylon  
  107  6:51  Gateway  
  107  6:52  Gateway  
  107  6:57  Zealot x3  
  107  7:00  Pylon  
  113  7:06  Gateway  
  113  7:07  Pylon, Colossus (Chrono Boost)  
  114  7:12  Sentry  
  121  7:15  Pylon  
  121  7:16  Pylon  
  121  7:21  Pylon  
  121  7:27  Pylon  
  121  7:30  Pylon  
  121  7:33  Pylon  
  121  7:34  Zealot x2  
  121  7:35  Zealot  
  127  7:37  Nexus  
  127  7:40  Pylon, Extended Thermal Lance (Chrono Boost)  
  127  7:45  Robotics Facility  
  127  7:50  Colossus (Chrono Boost)  
  126  7:53  Zealot  
  134  8:00  Sentry x2, Zealot x2  
  134  8:04  Pylon  
  142  8:05  Forge  
  142  8:06  Pylon  
  142  8:11  Zealot x2  
  146  8:14  Zealot  
  146  8:22  Zealot x2  
  146  8:25  Cybernetics Core  
  142  8:28  Probe x3  
  143  8:40  Protoss Ground Armor Level 1 (Chrono Boost), Observer  
  143  8:41  Pylon  
  147  8:43  Photon Cannon  
  147  8:44  Colossus (Chrono Boost)  
  147  8:45  Pylon  
  147  8:50  Zealot x3  
  153  8:56  Probe x3  
  153  8:57  Probe  
  157  9:03  Protoss Ground Weapons Level 2 (Chrono Boost)  
  157  9:04  Pylon  
  157  9:07  Observer (Chrono Boost)  
  157  9:08  Stalker, Probe  
  157  9:09  Stalker x2  
  165  9:11  Probe  
  166  9:18  Zealot x4  
  166  9:22  Twilight Council  
  166  9:33  Gateway  
  166  9:36  Warp Prism (Chrono Boost)  
  166  9:37  Zealot x3  
  172  9:40  Disruptor (Chrono Boost)  
  172  9:45  Photon Cannon  
  177  9:46  Photon Cannon  
  177  9:50  Stalker x4  
  183  10:02  Disruptor (Chrono Boost)  
  183  10:03  Zealot x3  
  174  10:17  Zealot x4  
  174  10:20  Disruptor  
  182  10:25  Probe x2  
  182  10:26  Probe  
  182  10:27  Assimilator, Dark Shrine  
  185  10:29  Assimilator  
  185  10:30  Disruptor (Chrono Boost)  
  188  10:39  Protoss Ground Armor Level 2 (Chrono Boost)  
  188  10:40  Photon Cannon  
  188  10:53  Shield Battery  
  188  10:54  Nexus, Disruptor (Chrono Boost)  
  188  10:56  Pylon  
  188  10:57  Pylon  
  191  11:03  Disruptor (Chrono Boost)  
  188  11:14  Pylon  
  186  11:19  Disruptor (Chrono Boost)  
  186  11:20  Gateway  
  186  11:22  Gateway  
  187  11:26  Gateway  
  187  11:29  Zealot x5  
  187  11:30  Zealot  
  197  11:33  Protoss Ground Weapons Level 3 (Chrono Boost)  
  197  11:37  Shadow Stride (Chrono Boost)  
  197  11:43  Observer  
  195  11:49  Observer  
  195  11:53  Disruptor x2  
  195  11:59  Dark Templar  
  195  12:00  Dark Templar x7  
  198  12:15  Photon Cannon  
  198  12:16  Photon Cannon  
  198  12:17  Dark Templar  
  198  12:18  Photon Cannon  
  198  12:20  Pylon  
  200  12:31  Shield Battery  
  200  12:32  Shield Battery  
  200  12:40  Observer  
  194  12:45  Dark Templar x3, Protoss Ground Armor Level 3 (Chrono Boost)  
  200  12:52  Shield Battery  
  176  13:21  Stalker x11  
  198  13:34  Nexus  
  195  13:35  Pylon  
  195  13:40  Disruptor  
  198  13:47  Gateway  
  198  13:48  Gateway  
  198  13:50  Photon Cannon  
  198  13:51  Gateway  
  198  13:52  Photon Cannon  
  198  13:54  Gateway  
  198  13:56  Photon Cannon x2  
  198  13:58  Pylon, Photon Cannon  
  198  14:00  Shield Battery, Photon Cannon  
  198  14:03  Pylon  
  198  14:08  Stargate  
  196  14:28  Warp Prism  
  196  14:31  Dark Templar x4  
  181  14:55  Dark Templar x7  
  181  14:56  Dark Templar x3  
  191  15:13  Assimilator  
  191  15:17  Assimilator  
  189  15:35  Stalker x12  
  197  15:47  Stalker  

Tags
 
Add a new tag
Caveats
  • Supply blocks, unpowered buildings, or Contaminate may cause inaccurate times.
  • Supply counts are checked every 10 seconds.